Map: Abyssal Reef LE

Players

SpeCial - Winner!

  • Race: Terran Terran
  • Spawn Location: 11:00

Serral

  • Race: Zerg Zerg
  • Spawn Location: 5:00

Event: WCS Austin 2017

VOD

Have the link to the VOD?

Description

Time

  • Played on: April 29, 2017, 7:12 p.m.
  • Length: 16:58

All games in this series

Show
View Real Time Build Order
Export as new Build Order

SpeCial Terran - Winner!

Build Orders: Reaper Expand, Bio Mine 

Get SALT Encoding   

  12  0:00  SCV  
  13  0:12  SCV  
  14  0:17  Supply Depot  
  14  0:25  SCV  
  15  0:28  Refinery  
  15  0:38  SCV  
  16  0:45  Barracks  
  16  0:50  SCV  
  17  1:02  SCV  
  18  1:15  SCV  
  19  1:31  Orbital Command  
  19  1:32  Reaper  
  20  1:43  Command Center  
  20  1:53  Factory  
  20  1:57  SCV  
  21  2:06  Supply Depot  
  21  2:07  Barracks Reactor  
  21  2:11  SCV  
  21  2:14  Refinery  
  22  2:23  SCV  
  23  2:35  SCV  
  24  2:42  Starport  
  24  2:47  SCV  
  24  2:48  Hellion  
  24  2:49  Hellion  
  24  2:51  Marine  
  29  2:56  Orbital Command  
  30  2:59  SCV  
  31  3:12  SCV  
  32  3:17  Widow Mine x2  
  32  3:18  Medivac  
  38  3:21  SCV  
  38  3:24  Barracks Tech Lab  
  38  3:26  SCV  
  40  3:34  Supply Depot, SCV  
  40  3:38  SCV  
  42  3:46  SCV  
  42  3:48  Hellion  
  45  3:50  SCV  
  48  3:56  Hellion  
  48  3:57  Supply Depot  
  48  3:58  SCV  
  48  4:01  Raven  
  48  4:02  SCV  
  52  4:11  SCV  
  52  4:14  SCV  
  54  4:21  Command Center  
  54  4:23  SCV  
  55  4:26  SCV  
  56  4:34  Supply Depot, Marine  
  56  4:35  Marine, SCV  
  59  4:38  SCV  
  60  4:47  SCV  
  60  4:51  SCV  
  61  4:53  Engineering Bay  
  61  4:55  Supply Depot  
  61  4:57  Engineering Bay  
  61  4:59  Barracks, SCV  
  62  5:00  Barracks  
  62  5:01  Marine  
  62  5:03  SCV  
  62  5:04  Stimpack  
  64  5:08  Factory Reactor  
  64  5:09  Starport Reactor  
  64  5:11  SCV  
  63  5:15  SCV  
  63  5:19  Marine  
  65  5:27  SCV  
  65  5:28  SCV  
  63  5:33  Terran Infantry Weapons Level 1  
  63  5:35  Refinery  
  63  5:36  Refinery, Marine  
  63  5:37  Supply Depot, Orbital Command  
  63  5:39  SCV  
  63  5:40  SCV  
  66  5:44  Barracks  
  66  5:46  Barracks  
  66  5:51  Marine x2, SCV  
  66  5:52  Medivac, SCV  
  66  5:53  Factory Reactor, Medivac  
  66  5:54  Marine  
  75  5:57  Marine  
  75  5:58  Marine  
  75  6:02  Orbital Command  
  75  6:03  SCV  
  79  6:04  SCV  
  79  6:09  Marine x2  
  81  6:12  Marine  
  81  6:14  Marine  
  81  6:16  Marine  
  84  6:21  SCV x2  
  86  6:27  Marine x2  
  86  6:28  Terran Infantry Armor Level 1  
  86  6:30  Supply Depot, Marine, Armory  
  86  6:32  Supply Depot, Barracks Reactor, Marine  
  89  6:34  Barracks Reactor, Marine, SCV x2  
  89  6:36  SCV  
  94  6:40  Widow Mine  
  94  6:42  Widow Mine  
  94  6:45  Marine x2  
  94  6:46  SCV  
  101  6:51  Marine x3, SCV x2  
  106  6:59  SCV  
  106  7:01  Medivac x2  
  109  7:03  Marine x2  
  109  7:06  Barracks, SCV x2  
  109  7:07  Barracks  
  113  7:08  Combat Shields  
  113  7:09  Marine x3  
  113  7:11  SCV  
  117  7:17  Supply Depot  
  117  7:18  Marine x2  
  117  7:19  Supply Depot  
  117  7:20  Marine x2  
  121  7:24  Marine x2, SCV x2  
  121  7:29  Terran Infantry Weapons Level 2  
  125  7:32  Supply Depot  
  125  7:33  Supply Depot  
  125  7:38  Marine x7  
  132  7:44  Medivac x2  
  132  7:47  Supply Depot  
  132  7:49  Supply Depot, Marine  
  132  7:50  Marine  
  138  7:56  Marauder  
  138  7:57  Marine  
  141  8:05  Missile Turret  
  138  8:07  Missile Turret, Barracks Tech Lab x2  
  138  8:08  Barracks Reactor  
  138  8:09  SCV x3  
  137  8:14  Medivac x2, Marine x4  
  137  8:17  Marine  
  145  8:21  SCV x3  
  148  8:30  Marine x3  
  148  8:33  SCV x3  
  148  8:34  Missile Turret, Terran Infantry Armor Level 2  
  154  8:36  Marine x2  
  154  8:40  Marine  
  154  8:41  Marauder, Marine  
  158  8:44  Medivac x2  
  158  8:45  Marine, SCV  
  158  8:46  Marine x2  
  158  8:47  Concussive Shells  
  166  8:50  Marine x3  
  169  9:00  Widow Mine x2  
  173  9:05  Command Center  
  173  9:16  Marine  
  173  9:27  Supply Depot  
  173  9:31  Marine x2  
  173  9:32  Marauder, Marine x4  
  173  9:37  Marine  
  173  9:38  Marine x3  
  173  9:46  Supply Depot x2, Widow Mine x2  
  173  9:47  Marauder  
  173  9:49  Terran Infantry Weapons Level 3, Marine x2  
  173  9:50  Marine x2  
  183  9:54  Marauder  
  183  9:55  Marine  
  183  9:56  SCV x2  
  183  9:59  SCV  
  189  10:02  Marine  
  189  10:07  Marine x2  
  178  10:08  SCV x2  
  178  10:09  Marauder  
  178  10:11  Marine  
  183  10:15  Marauder  
  183  10:20  Marine  
  161  10:21  Marine  
  161  10:22  Marine x2  
  161  10:23  Marine  
  161  10:27  Liberator x2  
  150  10:30  Marauder  
  150  10:34  Marine x4  
  150  10:35  Widow Mine x2, Marine  
  140  10:37  Marauder  
  140  10:38  Marine  
  140  10:39  Marine, SCV x2  
  143  10:46  Marine  
  143  10:47  Marine  
  151  10:51  Marauder  
  151  10:52  Terran Infantry Armor Level 3  
  151  10:55  Missile Turret  
  152  10:58  Marauder, Marine x3  
  152  11:03  Marine  
  158  11:05  Factory  
  158  11:06  Marine x3  
  158  11:07  Marine x2  
  158  11:11  Widow Mine x2, Marine  
  160  11:15  Marine  
  166  11:18  Unknown x3  
  166  11:19  Planetary Fortress  
  166  11:21  Marine  
  166  11:24  Marine  
  163  11:39  Marine  
  155  11:40  Widow Mine x2  
  155  11:45  Medivac x2  
  162  11:47  Missile Turret  
  162  11:48  Marine x2  
  162  11:50  Factory Tech Lab  
  157  11:55  Marauder  
  157  11:58  Marine  
  157  11:59  SCV x2  
  157  12:00  SCV  
  161  12:02  Marine x2  
  161  12:03  Marine x2  
  161  12:05  Missile Turret  
  161  12:07  Terran Vehicle Weapons Level 1  
  161  12:08  Widow Mine, Marine  
  166  12:09  Marine x2  
  166  12:10  Marine x2  
  166  12:12  Marine  
  166  12:14  Medivac  
  166  12:15  Medivac  
  175  12:16  Thor, Marine x2  
  175  12:17  Supply Depot  
  175  12:20  Marine x3  
  175  12:21  Marine  
  187  12:25  Marine  
  187  12:27  Marine x2  
  190  12:30  Marauder  
  190  12:33  Marine x4  
  195  12:37  Widow Mine  
  195  12:38  Marine  
  193  12:48  Marine x2  
  183  12:52  Marine  
  183  12:53  Marauder  
  183  12:55  Marine x2  
  184  13:03  Marine x3  
  187  13:09  Marine  
  187  13:11  Orbital Command  
  187  13:12  Marine  
  186  13:20  Drilling Claws  
  186  13:21  Thor, Widow Mine x2  
  186  13:23  Marine x3  
  186  13:24  Marine  
  196  13:37  Marine x2  
  196  13:39  Marine x5  
  196  13:40  Marine  
  197  13:47  Marine x2  
  175  13:58  Marauder  
  177  14:07  Marine x2  
  175  14:13  Marine  
  176  14:17  Marine  
  176  14:18  Command Center  
  163  14:26  Marine x2  
  163  14:29  Marine x2  
  163  14:31  Marine  
  163  14:35  Marauder, Marine x3  
  168  14:39  Marine  
  168  14:43  Marine x2  
  168  14:45  Marine  
  168  14:47  Marine  
  168  14:51  Marine  
  170  14:54  Marine  
  170  14:56  Marine  
  170  14:57  Marauder, Marine  
  175  15:04  Marine  
  177  15:10  Marine  
  177  15:11  Marine  
  177  15:15  Marine  
  177  15:16  Marine  
  177  15:17  Marine x2  
  180  15:25  Marine  
  180  15:28  Marine x2  
  179  15:31  Marine x2  
  180  15:37  Marine x2  
  180  15:39  Orbital Command  
  181  15:43  Marine  
  181  15:44  Marine  
  181  15:48  Widow Mine  
  181  15:51  Medivac  
  181  15:56  Medivac  
  184  16:02  Marine x2  
  186  16:04  Marine  
  186  16:11  Marine x2  
  178  16:20  Marine x2  
  178  16:21  Marine x2  
  178  16:22  Marine  
  178  16:23  Marine x2  
  178  16:25  Medivac  
  163  16:26  Medivac  
  163  16:27  Widow Mine  
  166  16:33  Marine  
  166  16:34  Marauder, Marine  
  166  16:35  Marine  
  168  16:47  Unknown x2  
  168  16:48  Unknown  
Show
View Real Time Build Order
Export as new Build Order

Serral Zerg 

Build Orders: Pool First, Muta Ling Bane 

Get SALT Encoding   

  12  0:00  Drone  
  13  0:13  Overlord  
  13  0:17  Drone  
  14  0:31  Drone x2  
  14  0:35  Drone  
  17  0:44  Extractor  
  17  0:45  Drone  
  17  0:50  Spawning Pool  
  17  0:56  Drone  
  17  1:07  Drone  
  18  1:20  Hatchery  
  18  1:22  Drone  
  18  1:28  Drone  
  19  1:37  Queen  
  21  1:41  Zergling x2  
  22  1:48  Metabolic Boost  
  22  1:54  Overlord  
  22  2:12  Drone  
  22  2:13  Queen  
  22  2:14  Drone  
  26  2:22  Drone  
  27  2:32  Drone  
  27  2:33  Queen  
  27  2:34  Drone  
  31  2:43  Drone  
  32  2:51  Hatchery  
  31  2:53  Drone  
  31  2:57  Pneumatized Carapace  
  32  3:00  Drone  
  32  3:03  Drone  
  32  3:05  Drone  
  35  3:07  Drone  
  35  3:18  Queen  
  35  3:19  Extractor  
  36  3:20  Overlord  
  37  3:29  Overlord  
  37  3:38  Zergling x4  
  37  3:39  Zergling x6  
  37  3:40  Drone x2  
  44  3:48  Drone x2  
  46  3:52  Overlord  
  46  3:55  Zergling x4  
  48  3:57  Drone x3  
  48  4:02  Queen  
  53  4:08  Overlord  
  53  4:10  Drone x2  
  53  4:12  Spore Crawler  
  53  4:16  Drone x2  
  56  4:22  Drone  
  56  4:26  Drone x3  
  56  4:30  Overlord  
  56  4:31  Lair  
  60  4:32  Drone  
  60  4:35  Extractor  
  60  4:36  Extractor  
  60  4:37  Drone x3  
  62  4:43  Spore Crawler  
  60  4:46  Drone  
  60  4:50  Drone x2  
  63  4:53  Drone x2  
  63  4:57  Queen  
  63  4:59  Overlord  
  66  5:00  Drone x2  
  66  5:02  Drone x2  
  66  5:04  Overlord  
  70  5:09  Overlord  
  70  5:10  Drone  
  70  5:14  Evolution Chamber  
  68  5:15  Evolution Chamber  
  65  5:26  Drone x2  
  65  5:28  Drone x3  
  67  5:32  Zergling x8  
  69  5:38  Drone  
  69  5:39  Spire, Extractor  
  69  5:40  Drone  
  69  5:42  Drone x2  
  71  5:44  Drone  
  71  5:45  Drone  
  73  5:51  Zerg Ground Armor Level 1, Zerg Melee Weapons Level 1  
  73  5:53  Drone  
  73  5:54  Drone  
  76  5:57  Drone x2  
  76  6:00  Drone x2  
  76  6:03  Drone  
  80  6:07  Drone  
  80  6:08  Drone x3, Extractor x2  
  80  6:09  Drone  
  80  6:10  Overlord  
  83  6:18  Drone x4  
  82  6:20  Drone  
  82  6:22  Drone  
  82  6:23  Zergling x2  
  86  6:25  Drone  
  86  6:28  Baneling Nest  
  85  6:34  Overlord  
  85  6:35  Zergling x6  
  85  6:36  Zergling x2  
  89  6:43  Zergling x12  
  95  6:48  Zergling x6  
  95  6:51  Overlord  
  95  6:53  Zerg Flyer Weapons Level 1  
  98  6:57  Zergling x2  
  95  7:04  Drone x2  
  94  7:09  Mutalisk x4  
  94  7:10  Mutalisk  
  94  7:12  Centrifical Hooks  
  94  7:13  Overseer  
  104  7:22  Overseer  
  104  7:25  Zergling x6  
  104  7:26  Zergling x8  
  104  7:27  Baneling x7  
  104  7:28  Baneling  
  111  7:37  Baneling x5  
  111  7:38  Baneling  
  109  7:45  Baneling x4  
  109  7:46  Baneling x5  
  108  7:52  Overlord x4  
  108  7:57  Zerg Melee Weapons Level 2  
  105  8:04  Drone  
  105  8:13  Zergling x28, Hatchery  
  105  8:16  Zerg Ground Armor Level 2  
  118  8:29  Drone  
  118  8:30  Drone x2  
  121  8:35  Hatchery  
  120  8:42  Mutalisk x5  
  120  8:46  Overlord x2  
  120  8:47  Overlord  
  130  8:58  Baneling  
  130  8:59  Baneling x5  
  130  9:01  Overlord x3  
  130  9:05  Mutalisk x3  
  130  9:08  Zergling x2, Baneling x2  
  137  9:20  Baneling x3  
  137  9:21  Zergling x16  
  143  9:34  Zergling x16  
  141  9:42  Drone x5  
  143  9:47  Queen  
  143  9:49  Mutalisk x3  
  151  9:53  Zerg Flyer Armor Level 1  
  151  9:57  Baneling  
  151  9:59  Baneling  
  151  10:05  Zergling x2  
  151  10:06  Zergling x12  
  148  10:09  Baneling x7  
  148  10:10  Baneling x2  
  146  10:14  Zergling x2  
  146  10:15  Zergling x6  
  121  10:29  Zergling x10  
  121  10:30  Zergling x6  
  111  10:39  Zergling x10  
  115  10:46  Drone x3  
  115  10:48  Mutalisk, Baneling x4  
  120  10:54  Mutalisk x4  
  120  10:56  Baneling x3  
  120  10:57  Baneling x4  
  128  10:59  Baneling  
  128  11:00  Baneling x4  
  128  11:04  Hatchery  
  128  11:07  Zergling x8  
  128  11:08  Zergling x6  
  134  11:13  Baneling  
  134  11:14  Baneling x6  
  133  11:26  Zergling x2  
  133  11:27  Zergling x22  
  142  11:33  Drone x2  
  134  11:40  Hatchery  
  134  11:41  Drone x4  
  132  11:50  Baneling x5  
  132  11:52  Zergling x10  
  132  11:53  Zergling x14  
  141  11:56  Baneling  
  141  11:57  Baneling x3  
  141  12:00  Overlord  
  141  12:01  Mutalisk x2  
  143  12:09  Mutalisk x5  
  143  12:12  Overseer, Zerg Flyer Weapons Level 2  
  143  12:14  Drone  
  143  12:15  Drone x7  
  161  12:24  Baneling x9  
  161  12:25  Zergling x10  
  167  12:34  Drone x4  
  167  12:37  Zergling x6  
  158  12:46  Zergling x8  
  158  12:47  Zergling x2  
  152  12:56  Zergling x8  
  143  13:02  Baneling x12  
  143  13:03  Zergling x6  
  143  13:04  Zergling x4  
  148  13:14  Zergling x14  
  155  13:25  Zergling x2  
  155  13:26  Zergling x14  
  161  13:30  Hatchery  
  161  13:32  Baneling x7  
  161  13:33  Baneling  
  160  13:36  Zergling x2  
  160  13:37  Zergling x2  
  160  13:40  Baneling  
  160  13:41  Baneling x7  
  151  13:49  Zergling x16  
  136  13:56  Hatchery  
  136  14:02  Baneling x3  
  121  14:08  Zergling x4  
  121  14:09  Zergling x8  
  120  14:17  Zergling x2  
  117  14:26  Drone x3  
  118  14:34  Zergling x6  
  118  14:37  Baneling x4  
  121  14:40  Zergling x2  
  121  14:42  Baneling x4  
  121  14:43  Baneling x2  
  121  14:44  Zergling x2  
  123  14:46  Zergling x2  
  122  14:56  Zergling x6  
  117  15:09  Zergling x10  
  118  15:27  Hatchery  
  111  15:38  Hatchery  
  110  15:56  Mutalisk x2  
  114  16:07  Zergling x2  
  114  16:08  Zergling x4  
  107  16:24  Drone x3  
  95  16:33  Zergling x2  
  95  16:39  Drone  
Tags
 
Add a new tag
Caveats
  • Supply blocks, unpowered buildings, or Contaminate may cause inaccurate times.
  • Supply counts are checked every 10 seconds.